 Dungeon Crawl Stone Soup version 0.30-a0-368-g86fb4627a9 (webtiles) character file.

Game seed: 12025494966580249232

49 lunkers the Cutter (level 3, -2/19 (31) HPs)
             Began as an Armataur Reaver on Nov 19, 2022.
             Was an Initiate of Gozag.
             Slain by a gnoll
             ... wielding a +0 flail
              (9 damage)
             ... on level 1 of the Dungeon.
             The game lasted 00:02:44 (1434 turns).

lunkers the Cutter (Armataur Reaver)                Turns: 1434, Time: 00:02:45

HP:   -2/19 (31)    AC:  4    Str: 17    XL:     3   Next: 51%
MP:   5/5           EV:  9    Int: 15    God:    Gozag
Gold: 138           SH:  0    Dex:  8    Spells: 4/5 levels left

rFire   . . .      SeeInvis .    a - +0 short sword
rCold   . . .      Faith    .    (no shield)
rNeg    . . .      Spirit   .    b - +0 leather armour
rPois   .          Reflect  .    (no helmet)
rElec   .          Harm     .    (no cloak)
rCorr   .          Roll     +    (no gloves)
Will    .....                    (no barding)
Stlth   +.........               (no amulet)
HPRegen 0.23/turn                (no ring)
MPRegen 0.09/turn                (no ring)

@: very heavily drained
A: large, rugged brown scales 3, deformed body, armoured tail, roll, long
tongue, awkward tongue
a: Renounce Religion, Potion Petition, Call Merchant, Bribe Branch


You were on level 1 of the Dungeon.
You worshipped Gozag.
Gozag was aware of your devotion.
You visited 1 branch of the dungeon, and saw 2 of its levels.

You collected 138 gold pieces.

Inventory:

Hand Weapons
 a - a +0 short sword (weapon)
Armour
 b - a +0 leather armour (worn)
Magical Staves
 n - a staff of earth
Jewellery
 k - an amulet of faith
 q - an amulet of the acrobat
Wands
 p - a wand of flame (17)
Scrolls
 d - a scroll of teleportation {unknown}
 e - a scroll of amnesia {unknown}
 f - a scroll of blinking {unknown}
 g - 3 scrolls of magic mapping {unknown}
 h - 2 scrolls of identify {unknown}
 j - a scroll of fear {unknown}
Potions
 c - a potion of might {unknown}
 i - 2 potions of mutation {unknown}
 l - a potion of attraction {unknown}
 m - 3 potions of curing {unknown}
 o - a potion of invisibility {unknown}


   Skills:
 - Level 1.7 Fighting
 + Level 4.2 Short Blades
 - Level 1.3 Dodging
 - Level 1.7 Spellcasting
 - Level 2.6 Conjurations


You had 4 spell levels left.
You knew the following spells:

 Your Spells              Type           Power      Damage    Failure   Level
p - Kiss of Death         Conj/Necr      20%        2d7       16%         1

Your spell library contained the following spells:

 Spells                   Type           Power      Damage    Failure   Level
 Momentum Strike          Conj/Tloc      10%        3d8       24%         2
 Beastly Appendage        Tmut           2%         N/A       28%         1
 Ensorcelled Hibernation  Hex/Ice        2%         N/A       38%         2
 Wereblood                Tmut           1%         N/A       38%         2
 Hailstorm                Conj/Ice       5%         3d4       43%         3
 Spider Form              Tmut/Pois      1%         N/A       63%         3
 Anguish                  Hex/Necr       0%         N/A       95%         4


Dungeon Overview and Level Annotations

Branches:
Dungeon (2/15)

Altars:
Gozag
The Shining One

Shops:
D:1 (


Innate Abilities, Weirdness & Mutations

You are completely covered in rugged brown scales. (AC +3, +7% HP)
Armour fits poorly on your strangely shaped body.
You have a long armoured tail.
You roll when moving toward enemies. (Rampage)
Your long tongue fully drains potion bottles. (2x potion effects)
Your tongue gives you trouble enunciating. (1.5x scroll delay)


Message History

There is a stone staircase leading up here.
Found a glowing golden altar of the Shining One.
You now have 138 gold pieces (gained 13).
Found a stone staircase leading down.
Found a stone staircase leading down.
A gnoll comes into view. It is wielding a +0 club.
The gnoll shouts!
You hear a shout! x2
The gnoll moves out of view.
A gnoll comes into view. It is wielding a +0 flail.
A gnoll is nearby!
A gnoll comes into view. It is wielding a +0 spear.
The gnoll shouts!
A gnoll comes into view. It is wielding a +0 whip.
Okay, then.
There is a stone staircase leading up here.
The gnoll hits you but does no damage.
You climb upwards.
There is a stone staircase leading down here.
You hit the gnoll.
The gnoll is moderately wounded.
You hit the gnoll but do no damage.
The gnoll is moderately wounded.
The gnoll completely misses you.
You barely miss the gnoll.
Your tail-slap misses the gnoll.
The gnoll is moderately wounded.
The gnoll hits you with a +0 flail!
You barely miss the gnoll.
Your tail-slap misses the gnoll.
The gnoll is moderately wounded.
The gnoll barely misses you.
You closely miss the gnoll.
The gnoll is moderately wounded.
You hit the gnoll but do no damage.
The gnoll is moderately wounded.
The gnoll hits you with a +0 flail.
* * * LOW HITPOINT WARNING * * *
You hit the gnoll.
The gnoll is heavily wounded.
The gnoll hits you with a +0 flail!
You die...
Your body crumbles into a pile of gold.

#.# #.# ##..# #.# #.# ####. #.#
#.# #.### #.# #.# #.# #.# #.#
#.# #.# #.# #.### #.# #.# #....
#.# #.# ##### #.# #######@##
######### #.#
#......g.#####.))....###
#.#######.#..#.........#####....
#......).........#.##..# ##.∩.
#########.#.#.#..#.##..# #....
#.....#..#.##..# #.###
#.#............# #.#
#.#####..#.#...#####.###
#...)....#...#..........


You could see a gnoll.

Vanquished Creatures
  An adder (D:2)
  A dart slug (D:2)
  2 ball pythons (D:1)
  5 endoplasms (D:1)
  A giant cockroach (D:1)
  6 goblins (D:1)
  3 hobgoblins (D:1)
  4 jackals (D:1)
  2 bats (D:1)
  2 frilled lizards (D:2)
  4 kobolds (D:1)
  2 rats (D:2)
33 creatures vanquished.

Notes
Turn   | Place    | Note
-------+----------+-------------------------------------------
     0 | D:1      | lunkers the Armataur Reaver began the quest for the Orb.
     0 | D:1      | Reached XP level 1. HP: 18/18 MP: 3/3
   111 | D:1      | Reached skill level 3 in Short Blades
   123 | D:1      | Reached XP level 2. HP: 18/25 MP: 4/4
   153 | D:1      | Found Eqeelaf's Weapon Shop.
   514 | D:1      | HP: 1/20 [hobgoblin (2)]
   661 | D:1      | Reached XP level 3. HP: 19/22 MP: 5/5
  1096 | D:2      | Reached skill level 4 in Short Blades
  1251 | D:2      | Found a faded altar of an unknown god.
  1275 | D:2      | Prayed at the altar of an unknown god.
  1275 | D:2      | Became a worshipper of Gozag Ym Sagoz the Greedy
  1330 | D:2      | Found a glowing golden altar of the Shining One.
  1434 | D:1      | Slain by a gnoll

Illustrated notes

Levels and vault maps discovered:
D:1:      dpeg_arrival_morbid_curiosity, layout_loops_ring, serial_shops,
          nicolae_shop_stone, minivault_19
D:2:      layout_rooms, basic_altar, hellmonk_ecumenical_altar_lost_god

Skill      XL: |  1  2  3 |
---------------+----------+-----
Short Blades   | 3 4 |  4.2
Fighting       | |  1.7
Dodging        | |  1.3
Spellcasting   | |  1.7
Conjurations   | |  2.6

Action                   || total
-------------------------++-------
Melee: Short sword       ||   135
       Tailslap          ||    19
 Cast: Kiss of Death     ||     3
Armor: Leather armour    ||    48
Dodge: Dodged            ||    57

Table legend: (Time is in decaauts)
 A = Elapsed time spent in this place.
 B = Non-inter-level travel time spent in this place.
 C = Inter-level travel time spent in this place.
 D = Time resting spent in this place.
 E = Time spent auto-exploring this place.
 F = Levels seen in this place.
 G = Mean time per level.
                   A        B        C        D        E       F      G
               +--------+--------+--------+--------+--------+-----+--------+
         Total |   1409 |   1353 |     56 |      0 |   1094 |   2 |  704.5 |
       Dungeon |   1409 |   1353 |     56 |      0 |   1094 |   2 |  704.5 |
               +--------+--------+--------+--------+--------+-----+--------+

Top non-repeatable levels by time:
     D:1: 1007 daAuts
     D:2: 401 daAuts
